Map: Ulrena

Players

Manta

  • Race: Zerg Zerg
  • League: Silver

sharky - Winner!

  • Race: Protoss Protoss
  • League: Silver

VOD

Have the link to the VOD?

Description

Time

  • Played on: Feb. 15, 2016, 6:44 p.m.
  • Length: 13:50
Show
View Real Time Build Order
Export as new Build Order

Manta Zerg 

Build Orders: Pool First 

Get SALT Encoding   

  12  0:05  Drone  
  13  0:18  Drone  
  14  0:25  Extractor  
  14  0:26  Overlord  
  13  0:31  Drone  
  14  0:48  Spawning Pool  
  13  0:53  Drone x2  
  13  0:56  Drone  
  16  1:08  Evolution Chamber  
  15  1:37  Zergling x6, Queen  
  20  1:41  Metabolic Boost  
  20  2:17  Hatchery, Pneumatized Carapace  
  19  2:36  Drone x3  
  22  2:47  Overlord  
  22  2:52  Overlord  
  22  3:06  Zerg Melee Weapons Level 1  
  22  3:08  Zergling x2  
  22  3:09  Zergling x2  
  22  3:29  Queen  
  22  3:31  Drone x2  
  26  3:37  Zergling x2  
  27  3:44  Drone  
  28  3:52  Drone x3  
  31  3:58  Extractor  
  30  4:03  Drone x2  
  32  4:11  Lair  
  32  4:37  Spore Crawler x2  
  30  4:40  Spore Crawler  
  30  4:41  Spore Crawler  
  25  5:11  Spire  
  20  5:26  Queen  
  20  5:27  Drone x2  
  20  5:28  Drone  
  25  5:31  Drone x3  
  25  5:34  Extractor  
  27  5:38  Drone x3  
  30  5:46  Drone x6  
  30  5:47  Drone  
  37  5:54  Zergling x6  
  40  5:58  Zergling x2  
  41  6:09  Overlord x2  
  41  6:23  Mutalisk  
  43  6:26  Mutalisk  
  43  6:27  Mutalisk x2  
  43  6:30  Drone x3  
  52  6:38  Extractor  
  51  6:51  Overlord  
  51  6:52  Zergling x2, Overlord  
  46  7:06  Overlord  
  46  7:07  Overlord x2  
  45  7:22  Mutalisk x4  
  35  7:33  Spawning Pool  
  33  8:11  Hatchery  
  32  8:23  Spore Crawler  
  32  8:25  Spore Crawler  
  30  8:27  Lair  
  30  8:36  Zergling x2  
  30  8:37  Zergling x8  
  35  9:09  Drone x4  
  37  9:32  Spire  
  37  9:33  Drone  
  37  9:34  Drone  
  36  10:20  Zergling x14  
  36  10:21  Zergling x8  
  31  11:12  Hatchery  
  24  12:29  Drone  
  25  13:26  Overlord  
Show
View Real Time Build Order
Export as new Build Order

sharky Protoss - Winner!

Build Orders: Oracle Opening 

Get SALT Encoding   

  12  0:08  Assimilator  
  12  0:14  Assimilator  
  12  0:19  Probe (Chrono Boost)  
  13  0:34  Pylon  
  13  0:40  Probe (Chrono Boost)  
  14  0:50  Probe (Chrono Boost)  
  15  1:01  Gateway  
  15  1:08  Probe (Chrono Boost)  
  17  1:18  Probe (Chrono Boost)  
  17  1:29  Probe (Chrono Boost)  
  18  1:39  Probe (Chrono Boost)  
  19  1:50  Cybernetics Core, Probe (Chrono Boost)  
  20  2:03  Pylon  
  20  2:08  Probe (Chrono Boost)  
  21  2:18  Probe (Chrono Boost)  
  22  2:32  Stargate  
  22  2:34  Stargate  
  22  2:38  Mothership Core (Chrono Boost)  
  24  2:51  Pylon  
  24  2:56  Probe (Chrono Boost)  
  20  3:25  Oracle x2  
  26  3:34  Probe (Chrono Boost)  
  27  3:44  Probe (Chrono Boost)  
  28  3:55  Probe (Chrono Boost)  
  33  4:03  Void Ray (Chrono Boost)  
  33  4:05  Probe (Chrono Boost)  
  34  4:16  Probe (Chrono Boost)  
  35  4:20  Pylon  
  35  4:26  Void Ray (Chrono Boost)  
  39  4:44  Probe  
  44  4:55  Void Ray (Chrono Boost)  
  24  5:35  Void Ray (Chrono Boost)  
  28  5:38  Probe  
  29  5:50  Probe  
  30  6:02  Probe  
  31  6:14  Probe  
  32  6:27  Probe  
  33  6:39  Probe  
  26  7:32  Probe  
  28  7:44  Probe  
  28  7:52  Void Ray (Chrono Boost)  
  28  7:56  Probe  
  33  8:08  Probe  
  36  8:20  Phoenix (Chrono Boost), Probe  
  37  8:29  Phoenix (Chrono Boost)  
  37  8:32  Probe  
  40  8:44  Probe  
  40  8:45  Phoenix (Chrono Boost)  
  43  9:08  Phoenix (Chrono Boost)  
  45  9:19  Pylon  
  45  9:21  Probe  
  46  9:33  Probe  
  47  9:43  Phoenix (Chrono Boost)  
  49  9:46  Probe  
  50  9:58  Probe  
  43  10:30  Pylon  
  31  11:28  Pylon  
  31  12:07  Pylon  
Tags
 
Add a new tag
Caveats
  • Supply blocks, unpowered buildings, or Contaminate may cause inaccurate times.
  • Supply counts are checked every 10 seconds.